 Dungeon Crawl Stone Soup version 0.29.1-15-g9cfb28693d (webtiles) character file.

Game seed: 12308600406471429337

10061 bmack86 the Severer (level 11, -17/83 HPs)
             Began as a Minotaur Fighter on Apr 1, 2024.
             Was an Elder of Okawaru.
             Demolished by a boulder beetle (18 damage)
             ... on level 10 of the Dungeon.
             The game lasted 00:25:45 (10720 turns).

bmack86 the Severer (Minotaur Fighter)             Turns: 10720, Time: 00:25:45

Health: -17/83     AC: 20    Str: 25    XL:     11   Next: 31%
Magic:  14/15      EV:  8    Int:  5    God:    Okawaru [****..]
Gold:   557        SH:  9    Dex: 10    Spells: 10/10 levels left

rFire   . . .      SeeInvis +   a - +1 war axe
rCold   . . .      Faith    .   K - +3 warlock's mirror {reflect}
rNeg    . . .      Spirit   .   p - +3 plate armour
rPois   .          Reflect  +   (helmet restricted)
rElec   .          Harm     .   (no cloak)
rCorr   +          Rampage  .   u - +2 pair of gloves
Will    .....                   (no boots)
Stlth   ..........              (no amulet)
HPRegen 0.23/turn               m - ring of see invisible
MPRegen 0.14/turn               n - ring of resist corrosion

@: heroic
A: horns 2, retaliatory headbutt
a: Renounce Religion, Heroism, Finesse


You were on level 10 of the Dungeon.
You worshipped Okawaru.
Okawaru was greatly pleased with you.
You visited 2 branches of the dungeon, and saw 11 of its levels.
You also visited: Bailey.

You collected 557 gold pieces.

Inventory:

Hand Weapons
 a - a +1 war axe (weapon)
Missiles
 b - a throwing net
 i - 11 boomerangs (quivered)
 k - 22 poisoned darts
 B - 3 curare-tipped darts
Armour
 c - a +1 buckler
 p - a +3 plate armour (worn)
 u - a +2 pair of gloves (worn)
 K - the +3 warlock's mirror (worn) {reflect}
   (You found it in a bailey)

   It can block and reflect piercing ranged attacks and magical attacks against
   the wielder's willpower.
Jewellery
 e - a ring of positive energy
 g - a ring of protection from fire
 m - a ring of see invisible (left hand)
 n - a ring of resist corrosion (right hand)
 w - a +6 ring of intelligence
 I - a ring of wizardry
Wands
 x - a wand of flame (23)
 z - a wand of charming (8)
 G - a wand of iceblast (5)
Scrolls
 o - 3 scrolls of amnesia
 t - a scroll of fear
 v - 2 scrolls of poison
 y - 3 scrolls of teleportation
 A - a scroll of noise
 H - a scroll of identify
Potions
 d - a potion of might
 f - 7 potions of curing
 h - 4 potions of flight
 j - 5 potions of mutation
 q - 2 potions of lignification
 r - a potion of resistance
 s - 3 potions of brilliance
 C - 4 potions of haste
 D - a potion of cancellation {unknown}
 E - a potion of attraction {unknown}
 F - a potion of ambrosia {unknown}
 J - a potion of invisibility {unknown}


   Skills:
 + Level 3.7(8.7) Fighting
 - Level 18.0(23.0) Axes
 + Level 3.1(8.1) Throwing
 + Level 3.7(8.7) Armour
 + Level 5.0(10.0) Shields
 + Level 7.8 Invocations


You had 10 spell levels left.
You didn't know any spells.
Your spell library contained the following spells:

 Spells                   Type           Power      Damage    Failure   Level
 Magic Dart               Conj           0%         1d3       100%        1
 Sandblast                Erth           0%         2d4       100%        1
 Sting                    Tmut/Pois      0%         1d3       100%        1
 Blink                    Tloc           0%         N/A       100%        2
 Ensorcelled Hibernation  Hex/Ice        0%         N/A       100%        2
 Passwall                 Tmut/Erth      0%         N/A       100%        2
 Poisonous Vapours        Pois/Air       0%         N/A       100%        2
 Static Discharge         Conj/Air       0%         3-3/arc   100%        2
 Sublimation of Blood     Necr           0%         N/A       100%        2
 Wereblood                Tmut           0%         N/A       100%        2
 Lesser Beckoning         Tloc           0%         N/A       100%        3
 Mephitic Cloud           Conj/Pois/Air  0%         N/A       100%        3
 Spider Form              Tmut/Pois      0%         N/A       100%        3
 Stone Arrow              Conj/Erth      0%         3d7       100%        3
 Anguish                  Hex/Necr       0%         N/A       100%        4
 Olgreb's Toxic Radiance  Pois           0%         N/A       100%        4
 Passage of Golubria      Tloc           0%         N/A       100%        4
 Lightning Bolt           Conj/Air       0%         1d11      100%        5
 Manifold Assault         Tloc           0%         N/A       100%        5
 Yara's Violent Unravell  Hex/Tmut       0%         3d3       100%        5
 Maxwell's Capacitive Co  Air            0%         ∞         100%        8
 Call Imp                 Summ           Unusable   N/A       N/A         2
 Tukima's Dance           Hex            Unusable   N/A       N/A         3
 Summon Hydra             Summ           Unusable   N/A       N/A         7

Dungeon Overview and Level Annotations

Branches:
Dungeon (10/15)            Temple (1/1) D:5            Lair (0/5) D:8
    Orc (0/2) D:10         Bailey (visited)

Altars:
Ashenzari
Cheibriados
Dithmenos
Elyvilon
Fedhas
Gozag
Hepliaklqana
Kikubaaqudgha
Makhleb
Nemelex Xobeh
Okawaru
Qazlal
Ru
Sif Muna
Trog
Uskayaw
Vehumet
Wu Jian
Xom
Yredelemnul
Zin
The Shining One

Shops:
D:4 (


Innate Abilities, Weirdness & Mutations

You have a pair of horns on your head.
You reflexively headbutt those who attack you in melee.


Message History

You headbutt the orc wizard. You block the orc warrior's attack.
The boulder beetle bites you!!
* * * LOW HITPOINT WARNING * * *
You hit the boulder beetle.
The boulder beetle is moderately wounded.
You slash the orc wizard!
You kill the orc wizard!
Okawaru accepts your kill.
You barely miss the orc warrior. You barely miss the boulder beetle.
The boulder beetle is moderately wounded.
You barely miss the orc warrior.
The orc warrior hits you with a +0 dire flail!
* * * LOW HITPOINT WARNING * * *
The boulder beetle bites you!
* * * LOW HITPOINT WARNING * * *
Okay, then.
You feel much better. The orc warrior barely misses you.
You furiously retaliate!
You headbutt the orc warrior!
You kill the orc warrior!
Okawaru accepts your kill.
The boulder beetle bites you but does no damage.
You hit the boulder beetle.
The boulder beetle is moderately wounded.
The boulder beetle bites you but does no damage.
You slash the boulder beetle!
You headbutt the boulder beetle, but do no damage.
The boulder beetle is heavily wounded.
The boulder beetle bites you!
* * * LOW HITPOINT WARNING * * *
You hit the boulder beetle but do no damage.
The boulder beetle is heavily wounded.
You slice the boulder beetle!!
The boulder beetle is almost dead.
The boulder beetle bites you!
* * * LOW HITPOINT WARNING * * *
You slash the boulder beetle!
The boulder beetle is almost dead.
The boulder beetle bites you!!
You die...

.....# ........#
####'#### ###.##
...........# #.# # #.#
..≈≈≈≈≈....# ###.# ##.#
....≈......# #...# ##..#
....≈......### ##'#####
#..##
≈≈≈≈⌠≈≈≈≈..'.###......#
#'###
...!≈......#..##......##
))).#
....≈..)...##..'......'.
....#
..≈≈≈≈≈@)..##..#......##
....###
......B....#'.##......#
....'.#
...........#####....).#
....### ...........#
#......# '####
############ #......# .#
##.# ###+#### .# ##..#
#.# ## #..## #.# #####
#.## #.###


You could see a boulder beetle.

Vanquished Creatures
  Snorg (D:10)
  2 two-headed ogres
  A gargoyle (Bailey)
  A komodo dragon (D:8)
  2 trolls
  A shadow (D:10)
  2 wyverns
  10 yaks
  A vampire (Bailey)
  2 basilisks (D:8)
  Eustachio (D:5)
  An acid dragon (D:8)
  2 water moccasins
  5 orc warriors
  2 black bears
  4 phantoms (D:4)
  2 ogres
  2 centaurs
  4 kobold brigands
  A necrophage (D:6)
  A gnoll sergeant (D:10)
  A scorpion (D:4)
  2 bullfrogs
  7 wights
  A water moccasin skeleton (D:4)
  9 howler monkeys
  7 vampire bats (Bailey)
  8 wolf zombies (Bailey)
  3 hounds
  3 jellies
  6 orc priests
  3 iguanas
  A scorpion zombie (D:4)
  13 orc wizards
  A hound zombie (D:4)
  3 hound skeletons (D:4)
  9 gnolls
  A howler monkey skeleton (D:4)
  9 adders
  2 ufetubi
  3 adder zombies (D:4)
  A worm (D:5)
  9 dart slugs
  38 orcs
  2 endoplasms
  5 giant cockroaches
  6 goblins
  10 hobgoblins
  6 jackals (D:1)
  4 quokkas
  12 ball pythons
  3 bats (D:1)
  2 frilled lizards
  21 kobolds
  20 orc zombies (Bailey)
  9 rats
288 creatures vanquished.

Vanquished Creatures (others)
  6 withered plants (D:4)
6 creatures vanquished.

Grand Total: 294 creatures vanquished

Notes
Turn   | Place    | Note
-------+----------+-------------------------------------------
     0 | D:1      | bmack86 the Minotaur Fighter began the quest for the Orb.
     0 | D:1      | Reached XP level 1. HP: 19/19 MP: 0/0
   134 | D:1      | Reached XP level 2. HP: 25/26 MP: 1/1
   333 | D:1      | Reached skill level 3 in Axes
   549 | D:1      | Reached XP level 3. HP: 29/31 MP: 2/2
  1201 | D:2      | Reached skill level 5 in Shields
  1544 | D:2      | Found a white marble altar of Elyvilon.
  1671 | D:2      | Found a faded altar of an unknown god.
  1673 | D:2      | Reached skill level 4 in Axes
  1673 | D:2      | Reached XP level 4. HP: 39/39 MP: 3/3
  1825 | D:3      | Reached skill level 5 in Axes
  2026 | D:3      | Reached XP level 5. HP: 39/45 MP: 4/4
  2487 | D:4      | Noticed an ogre
  2487 | D:4      | Noticed a phantom
  2515 | D:4      | Reached skill level 6 in Axes
  2613 | D:4      | Killed an ogre
  2614 | D:4      | Reached skill level 7 in Axes
  2614 | D:4      | Reached XP level 6. HP: 51/51 MP: 5/5
  2645 | D:4      | Reached skill level 8 in Axes
  2763 | D:4      | Reached XP level 7. HP: 53/57 MP: 6/6
  2766 | D:4      | Reached skill level 9 in Axes
  2904 | D:4      | Found Gukoov's Antique Weapon Emporium.
  2911 | D:4      | Reached skill level 10 in Axes
  3036 | D:4      | Reached XP level 8. HP: 42/64 MP: 7/7
  3185 | D:4      | Reached skill level 11 in Axes
  3344 | D:5      | Entered Level 5 of the Dungeon
  3344 | D:5      | Noticed Eustachio
  3352 | D:5      | Killed Eustachio
  3415 | D:5      | Found a bloodstained altar of Trog.
  3455 | D:5      | Reached skill level 12 in Axes
  3736 | D:5      | Found a snail-covered altar of Cheibriados.
  4225 | D:5      | Found a hide-covered altar of Uskayaw.
  4413 | D:5      | Reached skill level 13 in Axes
  4466 | D:5      | Found a staircase to the Ecumenical Temple.
  4476 | Temple   | Entered the Ecumenical Temple
  4484 | Temple   | Became a worshipper of Warmaster Okawaru
  5087 | D:6      | Reached skill level 1 in Invocations
  5262 | D:6      | You fall into a shaft and drop 1 floor!
  5284 | D:7      | Reached XP level 9. HP: 53/70 MP: 7/9
  5285 | D:7      | Found a burning altar of Makhleb.
  5285 | D:7      | Found a glowing silver altar of Zin.
  5473 | D:7      | Found an ornate altar of the Wu Jian Council.
  5571 | D:7      | Reached * piety under Okawaru
  5750 | D:7      | Reached skill level 14 in Axes
  6387 | D:8      | Reached ** piety under Okawaru
  6571 | D:8      | Reached skill level 15 in Axes
  6861 | D:8      | Found a glowing golden altar of the Shining One.
  6867 | D:8      | Found a stormy altar of Qazlal.
  6868 | D:8      | Found a broken altar of Ashenzari.
  6870 | D:8      | Found a sparkling altar of Nemelex Xobeh.
  6870 | D:8      | Found a radiant altar of Vehumet.
  6871 | D:8      | Found a shimmering altar of Xom.
  6877 | D:8      | Found an ancient bone altar of Kikubaaqudgha.
  6971 | D:8      | Noticed a komodo dragon
  6980 | D:8      | Killed a komodo dragon
  7162 | D:8      | Reached skill level 5 in Invocations
  7162 | D:8      | Reached XP level 10. HP: 66/77 MP: 12/12
  7246 | D:8      | Reached *** piety under Okawaru
  7411 | D:8      | Identified the +5 dagger of the Hand {vamp, *Corrode Int+6
                  | SInv Stlth+}
  7415 | D:8      | Found a staircase to the Lair.
  7861 | D:9      | Noticed a two-headed ogre
  7866 | D:9      | Killed a two-headed ogre
  7867 | D:9      | Reached skill level 16 in Axes
  8038 | D:9      | Reached **** piety under Okawaru
  8391 | D:10     | Entered Level 10 of the Dungeon
  8585 | D:10     | Found a flagged portal.
  8594 | D:10     | Reached skill level 17 in Axes
  8626 | D:10     | Found a staircase to the Orcish Mines.
  8814 | Bailey   | Entered a bailey
  9165 | Bailey   | Noticed a gargoyle
  9191 | Bailey   | Killed a gargoyle
  9192 | Bailey   | Reached skill level 1 in Throwing
  9566 | Bailey   | Reached XP level 11. HP: 73/82 MP: 15/15
  9624 | Bailey   | Found the +3 warlock's mirror {reflect}
  9632 | Bailey   | Identified the +1 scale mail of Ru's Delight {Will- Regen+
                  | Dex+2}
  9911 | D:10     | Noticed Snorg
  9911 | D:10     | Noticed a two-headed ogre
  9932 | D:10     | Killed Snorg
  9937 | D:10     | Killed a two-headed ogre
  9937 | D:10     | Reached ***** piety under Okawaru
 10294 | D:10     | Reached skill level 18 in Axes
 10691 | D:10     | Noticed a boulder beetle
 10719 | D:10     | HP: 1/83 [boulder beetle (14)]
 10720 | D:10     | Demolished by a boulder beetle

Illustrated notes

Levels and vault maps discovered:
D:1:      sevenhm_arrival_forest_fort_small_4, layout_basic
D:2:      layout_loops_cross, nicolae_ecumenical_pavilion, serial_glass,
          glass_columns_a, glass_columns_a, minmay_strange_pillars, basic_altar
D:3:      layout_rooms
D:4:      minmay_opposing_rooms, layout_rooms, serial_undead, serial_undead_e,
          serial_undead_c, serial_undead_c, serial_undead_f, serial_undead_d,
          serial_undead_e, serial_undead_b, serial_shops, shop
D:5:      layout_basic, nicolae_uskayaw_dance_hall, kennysheep_slug_shrine,
          mainiacjoe_overflow_chevrons, minmay_temple_entry_statues_pillars,
          kennysheep_generic_room_7, uniq_eustachio
D:6:      layout_cave_pods, serial_shops, nicolae_diamond_shop
D:7:      layout_rooms, grunt_temple_overflow_open
D:8:      layout_loops_ring, nicolae_overflow_hallway_of_the_gods,
          erik_lair_dragon, minmay_misc_feat_five
D:9:      layout_roguey
D:10:     layout_roguey, minmay_orc_entry_temple_small, enter_bailey_2,
          kennysheep_generic_room_16, uniq_snorg
Temple:   nicolae_temple_cloud_nine

Skill      XL: |  1  2  3  4  5  6  7  8  9 10 11 |
---------------+----------------------------------+-----
Shields        | 4 5 |  5.0
Axes           | 3 4 5 7 8 10 13 15 17 18 | 18.0
Invocations    | 1 5 7 |  7.8
Throwing       | 1 3 |  3.1
Fighting       | |  3.7
Armour         | |  3.7

Action                   |  1- 3 |  4- 6 |  7- 9 | 10-12 || total
-------------------------+-------+-------+-------+-------++-------
Melee: War axe           |    84 |    90 |   275 |   307 ||   756
       Headbutt          |     5 |    17 |    46 |    69 ||   137
Throw: Boomerang         |     4 |    29 |     2 |     1 ||    36
Invok: Heroism           |       |       |       |     6 ||     6
       Finesse           |       |       |       |     3 ||     3
Evoke: Wand              |       |       |     4 |     1 ||     5
  Use: Scroll            |       |     7 |    12 |     3 ||    22
       Potion            |       |       |     2 |     2 ||     4
Armor: Scale mail        |    68 |    42 |    58 |       ||   168
       Plate armour      |       |       |    73 |   150 ||   223
Dodge: Dodged            |    52 |    51 |    99 |    82 ||   284
Block: Buckler           |    22 |    32 |    78 |    95 ||   227
